 Dungeon Crawl Stone Soup version 0.25-a0-246-g58704a1 (webtiles) character file.

Game seed: 945955140936734475, levelgen mode: deterministic

1152 Blackhawk the Covered (level 8, -2/71 HPs)
             Began as a Minotaur Fighter on Dec 3, 2019.
             Slain by an orc warrior
             ... wielding a +0 long sword
              (13 damage)
             ... on level 6 of the Dungeon.
             The game lasted 00:07:39 (5791 turns).

Blackhawk the Covered (Minotaur Fighter)            Turns: 5791, Time: 00:07:39

Health: -2/71      AC: 11    Str: 22    XL:     8   Next: 16%
Magic:  0/7        EV:  7    Int:  5    God:
Gold:   158        SH: 10    Dex: 11    Spells: 7/7 levels left

rFire    x . .     SeeInvis .   a - +0 war axe
rCold    + . .     Gourm    .   c - +0 shield
rNeg     . . .     Faith    +   v - +0 chain mail
rPois    .         Spirit   +   (helmet restricted)
rElec    .         Reflect  .   n - scarf {Spirit}
rCorr    .         Harm     .   (no gloves)
MR       .....                  h - +0 pair of boots
Stlth    ..........             t - amulet of faith
HPRegen  0.21/turn              j - +1 ring of evasion (curse)
MPRegen  0.10/turn              l - ring of ice

@: lethally poisoned (-2 -> -8)
A: retaliatory headbutt, horns 2
a: no special abilities


You were on level 6 of the Dungeon.
You were not hungry.

You visited 1 branch of the dungeon, and saw 6 of its levels.

You collected 158 gold pieces.

Inventory:

Hand Weapons
 a - a +0 war axe (weapon)
Armour
 b - a +0 scale mail
 c - a +0 shield (worn)
 h - a +0 pair of boots (worn)
 n - a scarf of spirit shield (worn)
 v - a +0 chain mail (worn)
Jewellery
 j - a cursed +1 ring of evasion (left hand)
 l - a ring of ice (right hand)
 t - an amulet of faith (around neck)
Scrolls
 g - 2 scrolls of enchant armour {unknown}
 k - 6 scrolls of identify {unknown}
 m - a scroll of teleportation {unknown}
 p - 2 scrolls of amnesia {unknown}
 r - a scroll of magic mapping {unknown}
 s - a scroll of remove curse {unknown}
Potions
 d - 3 potions of might
 e - 2 potions of brilliance {unknown}
 i - 4 potions of lignification {unknown}
 o - a potion of degeneration {unknown}
 q - 2 potions of agility {unknown}
 u - 2 potions of curing {unknown}
Comestibles
 f - 11 rations
 w - a chunk of flesh


   Skills:
 + Level 6.8 Fighting
 + Level 6.2 Axes
 + Level 6.9 Armour
 + Level 6.8 Shields


You had 7 spell levels left.
You didn't know any spells.
Your spell library contained the following spells:

 Spells                   Type           Power        Failure   Level  Hunger
 Sandblast                Erth           #.....       100%        1    ##.....
 Passwall                 Tmut/Erth      #.......     100%        2    ###....
 Stone Arrow              Conj/Erth      #.....       100%        3    ####...
 Petrify                  Tmut/Erth      #.......     100%        4    #####..
 Lee's Rapid Deconstruct  Erth           #.........   100%        5    ######.


Dungeon Overview and Level Annotations

Branches:
Dungeon (6/15)
 Temple: D:4-7

Altars:
Ashenzari
Dithmenos
Fedhas
Gozag
Hepliaklqana
Nemelex Xobeh
Sif Muna
Vehumet
The Shining One

Shops:
D:2 *   D:5 !

Annotations:
D:5 3 runed translucent doors, pengboon's ghost, novice MfIE


Innate Abilities, Weirdness & Mutations

You reflexively headbutt those who attack you in melee.
You have a pair of horns on your head.


Message History

You block the scorpion's attack.
The orc priest calls upon Beogh to heal the orc warrior.
The orc warrior is healed somewhat.
You block the orc warrior's attack.
You closely miss the orc priest.
The orc priest is heavily wounded.
You hit the orc warrior but do no damage.
You hit the scorpion.
The scorpion stings you but does no damage.
The orc priest hits you with a +0 dagger.
* * * LOW HITPOINT WARNING * * *
Your shield and chain mail prevent you from hitting the orc warrior.
The orc warrior is heavily wounded.
You closely miss the orc priest. You hit the scorpion but do no damage.
You block the scorpion's attack. You block the orc warrior's attack.
The orc priest barely misses you. The scorpion stings you!
* * * LOW HITPOINT WARNING * * *
You are poisoned.
The scorpion poisons you!
The orc warrior hits you with a +0 long sword!
You die...

##. ##...# #..
##§..§§## . ##.. #
##§§..§§.## .. #...
#.#§§§§..§.§#....
##..<
#...§§§....§§....
#.... ##
#......_.§§...#..#
##.... ##.#
.......)s§§..##..
#..... ....#
#§.§§.@o§§
#..##..... .....##
##§§§.§o§ #.>#...<.
.......#####§§..§#
#.#.....
>.........####...##
#..#....
.............÷...#
##.##...
.<.......#########
#..#... .........#
##.##.. .......>.#
#..##. .........#
##.###


You could see an orc warrior, a scorpion and an orc priest.

Vanquished Creatures
  2 ice beasts
  An ogre (D:5)
  A centaur (D:4)
  A water moccasin skeleton (D:5)
  2 crimson imps
  2 hounds
  4 orc priests
  A bullfrog skeleton (D:5)
  5 orc wizards
  An iguana (D:4)
  3 worker ants
  A hound skeleton (D:4)
  11 adders
  2 oozes
  An adder zombie (D:5)
  4 dart slugs
  9 leopard geckos
  21 orcs
  3 giant cockroaches
  6 goblins
  9 hobgoblins
  4 jackals (D:3)
  A quokka (D:6)
  A ball python (D:3)
  14 bats
  A frilled lizard (D:1)
  6 kobolds
  5 rats
122 creatures vanquished.

Vanquished Creatures (others)
  2 fungi (D:5)
  2 plants (D:5)
4 creatures vanquished.

Grand Total: 126 creatures vanquished

Notes
Turn   | Place    | Note
-------+----------+-------------------------------------------
     0 | D:1      | Blackhawk the Minotaur Fighter began the quest for the Orb.
     0 | D:1      | Reached XP level 1. HP: 19/19 MP: 0/0
   133 | D:1      | Reached XP level 2. HP: 27/27 MP: 1/1
   836 | D:1      | Reached XP level 3. HP: 33/33 MP: 2/2
  1074 | D:2      | Found a glowing golden altar of the Shining One.
  1248 | D:2      | Reached XP level 4. HP: 41/41 MP: 3/3
  1452 | D:2      | Found an opulent altar of Gozag.
  1454 | D:2      | Found Gozag's Platinum Reserve.
  1557 | D:2      | Found a shimmering blue altar of Sif Muna.
  1847 | D:3      | HP: 2/41 [orc priest/+0 club (1)]
  1849 | D:3      | Reached XP level 5. HP: 3/47 MP: 4/4
  2308 | D:3      | Found a radiant altar of Vehumet.
  2384 | D:3      | Reached skill level 5 in Armour
  2430 | D:3      | Reached skill level 5 in Fighting
  2976 | D:3      | Reached skill level 5 in Shields
  3143 | D:4      | Reached XP level 6. HP: 42/56 MP: 5/5
  3251 | D:4      | Found a blossoming altar of Fedhas.
  4188 | D:4      | Reached skill level 5 in Axes
  4188 | D:4      | Reached XP level 7. HP: 62/62 MP: 6/6
  4442 | D:5      | Entered Level 5 of the Dungeon
  4585 | D:5      | Found a hazy altar of Hepliaklqana.
  4689 | D:5      | Found a runed translucent gate.
  4690 | D:5      | Noticed pengboon's ghost (novice MfIE)
  4691 | D:5      | Found a runed translucent gate.
  4691 | D:5      | Found a runed translucent gate.
  5154 | D:4      | Reached XP level 8. HP: 28/71 MP: 4/7
  5476 | D:5      | Found Vaetz's Distillery.
  5694 | D:6      | Found a shattered altar of Ashenzari.
  5694 | D:6      | Found a sparkling altar of Nemelex Xobeh.
  5770 | D:6      | Found a shadowy altar of Dithmenos.
  5791 | D:6      | Slain by an orc warrior

Levels and vault maps discovered:
D:1:      erik_arrival_triangle_medium, layout_loops_corners
D:2:      layout_loops_ring, led_sif_pool, nicolae_gozag_zags_fifth_avenue,
          tso_metal_star
D:3:      layout_basic, lemuel_statue_altar
D:4:      layout_loops_corners, first_ration, fedhas_altar_4
D:5:      layout_basic, lemuel_round_altar, serial_shops, shop,
          gammafunk_ghost_nasty_kobolds, hangedman_decor_lopped,
          eino_tiny_chamber, minmay_misc_feat_ornament
D:6:      layout_cave_pods, nicolae_dithmenos_the_darkroom,
          chequers_temple_overflow_statue_of_worship

Skill      XL: |  1  2  3  4  5  6  7 |
---------------+----------------------+-----
Armour         | 4 5 6 |  6.9
Fighting       | 4 5 6 |  6.8
Shields        | 4 5 6 |  6.8
Axes           | 3 4 5 6 |  6.2

Action                   |  1- 3 |  4- 6 |  7- 9 || total
-------------------------+-------+-------+-------++-------
Melee: War axe           |    87 |   179 |    84 ||   350
       Headbutt          |    11 |    27 |    20 ||    58
  Eat: Chunk             |     1 |    10 |     5 ||    16
Armor: Scale mail        |    52 |    75 |    13 ||   140
       Chain mail        |       |       |    29 ||    29
Dodge: Dodged            |    19 |    55 |    28 ||   102
Block: Shield            |    47 |    87 |    53 ||   187

Table legend:
 A = Non-vault XP
 B = Vault XP
 C = Vault XP percentage of total XP
 D = Non-vault monster count
 E = Vault monster count
 F = Vault count percentage of total count
                 A         B        C        D         E       F
            +---------+---------+-------+---------+---------+-------
      Total |    1647 |       0 |   0.0 |     122 |       0 |   0.0
            +---------+---------+-------+---------+---------+-------
        D:1 |      42 |       0 |   0.0 |      23 |       0 |   0.0
        D:2 |      64 |       0 |   0.0 |      17 |       0 |   0.0
        D:3 |     231 |       0 |   0.0 |      35 |       0 |   0.0
        D:4 |     709 |       0 |   0.0 |      29 |       0 |   0.0
        D:5 |     517 |       0 |   0.0 |      12 |       0 |   0.0
        D:6 |      84 |       0 |   0.0 |       6 |       0 |   0.0
            +---------+---------+-------+---------+---------+-------
